 Dungeon Crawl Stone Soup version 0.27.1-4-g1640c2035a (webtiles) character file.

Game seed: 16853222448494647453

196 VictoriousLee the Cudgeller (level 5, -1/32 HPs)
             Began as a Gargoyle Fighter on Nov 3, 2021.
             Splashed by Ijyb's acid (11 damage)
             ... on level 4 of the Dungeon.
             The game lasted 00:07:29 (3589 turns).

VictoriousLee the Cudgeller (Gargoyle Fighter)      Turns: 3589, Time: 00:07:29

Health: -1/32      AC:  6    Str: 20    XL:     5   Next: 75%
Magic:  5/5        EV:  7    Int:  9    God:
Gold:   141        SH:  9    Dex:  9    Spells: 4/4 levels left

rFire    . . .     SeeInvis .   a - +0 flail
rCold    . . .     Faith    .   c - +0 kite shield
rNeg     + . .     Spirit   .   b - +0 scale mail
rPois    ∞         Reflect  .   (no helmet)
rElec    +         Harm     .   (no cloak)
rCorr    .         Rampage  .   (no gloves)
Will     .....                  (no boots)
Stlth    ..........             (no amulet)
HPRegen  0.10/turn              (no ring)
MPRegen  0.09/turn              (no ring)

@: corroded
A: sickness immunity, AC +4, negative energy resistance 1, electricity
resistance, torment resistance 1, petrification resistance
a: no special abilities


You were on level 4 of the Dungeon.
You visited 1 branch of the dungeon, and saw 4 of its levels.

You collected 141 gold pieces.

Inventory:

Hand Weapons
 a - a +0 flail (weapon)
 k - a +0 spear
 m - a +0 hand axe
 o - a +0 falchion
Missiles
 e - 118 stones (quivered)
 h - 14 bolts
Armour
 b - a +0 scale mail (worn)
 c - a +0 kite shield (worn)
 q - a +2 leather armour of cold resistance
Scrolls
 f - 3 scrolls of torment {unknown}
 g - a scroll of immolation {unknown}
 i - 2 scrolls of teleportation {unknown}
 n - a scroll of magic mapping {unknown}
 r - a scroll of noise {unknown}
 s - a scroll of identify {unknown}
Potions
 d - a potion of resistance {unknown}
 j - a potion of flight {unknown}
 l - a potion of degeneration {unknown}
 p - a potion of lignification {unknown}


   Skills:
 - Level 3.2 Fighting
 + Level 5.8 Maces & Flails
 - Level 3.2 Armour
 - Level 3.2 Shields


You had 4 spell levels left.
You didn't know any spells.
Your spell library was empty.

Dungeon Overview and Level Annotations

Branches:
Dungeon (4/15)
 Temple: D:4-7

Altars:
Ashenzari
Cheibriados
Fedhas

Annotations:
D:4 Ijyb


Innate Abilities, Weirdness & Mutations

You are immune to sickness and miasma.
Your stone body is resilient. (AC +4)
You are immune to poison.
You resist negative energy. (rN+)
You are resistant to electric shocks. (rElec)
You are resistant to unholy torment.
You are immune to petrification.


Message History

You hit the adder.
The adder is severely wounded.
The adder bites you but does no damage.
You barely miss the adder.
The adder is severely wounded.
The adder bites you but does no damage. You block the adder's attack.
You hit the adder.
You kill the adder!
The jackal closely misses you.
You closely miss the jackal. The jackal barely misses you.
The jackal bites you but does no damage.
You thump the jackal!
You kill the jackal!
The ball python bites you but does no damage.
The ball python grabs you. The ball python constricts you.
You closely miss the ball python.
The ball python bites you but does no damage.
The ball python constricts you.
You thump the ball python!
You kill the ball python!
No target in view!
No target in view!
You start resting.
HP restored.
Things that are here:
an adder corpse; a jackal corpse; a jackal corpse
Found 14 gold pieces.
Found a stone staircase leading down.
Found a flail.
You now have 141 gold pieces (gained 14).
You open the door.
Ijyb the Twisted Goblin comes into view.
She is wielding a +0 club and carrying a wand of acid (9).
Ijyb shouts!
Found a blossoming altar of Fedhas.
You close the door.
Something unseen opens the door.
You closely miss Ijyb.
Ijyb zaps a wand.
The bolt of acid hits you!!
Ouch! That really hurt!
The acid corrodes you!
You are splashed with acid!
You die...

#....S..........
#.#####......#..
##._.##S....#..
8.....#........
...⌠..#........ .g...
#.....#.. ##
...#####†#.##..
#>####'###...†.......
###...@g.##...##.......
#.)...........###......
#.........##...........
#....#.#####..###....##
#......# #..# #...###
#......## ##.#####...#
.........# #..# #.#.#
...#.....# #..# #.#.#
.. #.....# #..####.#.#


You could see Ijyb.

Vanquished Creatures
  An orc priest (D:4)
  An iguana (D:3)
  A mummy (D:3)
  4 adders
  2 worms
  An adder skeleton (D:4)
  A dart slug (D:1)
  7 orcs
  13 ball pythons
  5 endoplasms
  3 giant cockroaches
  2 hobgoblins
  7 jackals
  3 quokkas
  5 bats
  4 frilled lizards
  3 goblins
  5 kobolds
  10 rats
78 creatures vanquished.

Notes
Turn   | Place    | Note
-------+----------+-------------------------------------------
     0 | D:1      | VictoriousLee the Gargoyle Fighter began the quest for the
                  | Orb.
     0 | D:1      | Reached XP level 1. HP: 14/14 MP: 1/1
   251 | D:1      | Reached XP level 2. HP: 18/19 MP: 2/2
   406 | D:1      | Reached skill level 3 in Maces & Flails
   611 | D:1      | Reached XP level 3. HP: 4/23 MP: 3/3
  1577 | D:2      | Reached skill level 4 in Maces & Flails
  1791 | D:2      | Reached XP level 4. HP: 26/28 MP: 4/4
  2662 | D:3      | Reached skill level 5 in Maces & Flails
  2662 | D:3      | Reached XP level 5. HP: 29/32 MP: 5/5
  2737 | D:3      | Found a broken altar of Ashenzari.
  2741 | D:3      | Saw a vision of the Shoals and the Spider Nest.
  2741 | D:3      | Noticed a redback
  2741 | D:3      | Noticed a wolf spider
  2741 | D:3      | Noticed a hornet
  2741 | D:3      | Noticed a wolf spider
  2741 | D:3      | Noticed a merfolk
  2741 | D:3      | Noticed a merfolk siren
  2741 | D:3      | Noticed a wind drake
  2741 | D:3      | Noticed a wind drake
  2741 | D:3      | Noticed a sea snake
  2741 | D:3      | Noticed a wind drake
  2741 | D:3      | Noticed a merfolk
  2742 | D:3      | Noticed a wolf spider
  2742 | D:3      | Noticed a redback
  2834 | D:3      | Found a snail-covered altar of Cheibriados.
  3583 | D:4      | Found a blossoming altar of Fedhas.
  3583 | D:4      | Noticed Ijyb
  3589 | D:4      | Splashed by Ijyb's acid

Illustrated notes

Levels and vault maps discovered:
D:1:      denvon_arrival_waterhouse, layout_basic, kennysheep_boxes
D:2:      layout_basic, minmay_pentomino_v4
D:3:      layout_rooms, grunt_ashenzari_visionary
          [grunt_ashenzari_visionary_shoals, grunt_ashenzari_visionary_spider],
          slow_altar_2
D:4:      layout_rooms, gammafunk_temple_overflow_pools, uniq_ijyb, uniq_natasha

Skill      XL: |  1  2  3  4 |
---------------+-------------+-----
Maces & Flails | 3 4 5 |  5.8
Fighting       | |  3.2
Armour         | |  3.2
Shields        | |  3.2

Action                   |  1- 3 |  4- 6 || total
-------------------------+-------+-------++-------
Melee: Flail             |   161 |   118 ||   279
  Use: Potion            |     1 |       ||     1
Armor: Scale mail        |    80 |    59 ||   139
Dodge: Dodged            |    58 |    25 ||    83
Block: Kite shield       |    71 |    58 ||   129
